 Dungeon Crawl Stone Soup version 0.25-a0-24-g72dcfe0359 (webtiles) character file.

Game seed: 4523199471998672681, levelgen mode: deterministic

158 Gynju the Magician (level 5, 0/28 HPs)
             Began as a Deep Elf Fire Elementalist on Oct 17, 2019.
             Was a Follower of Vehumet.
             Slain by Robin
             ... wielding a +0 short sword
              (3 damage)
             ... on level 3 of the Dungeon.
             The game lasted 00:03:21 (2145 turns).

Gynju the Magician (Deep Elf Fire Elementalist)     Turns: 2145, Time: 00:03:22

Health: 0/28       AC:  2    Str:  5    XL:     5   Next: 16%
Magic:  1/13       EV: 14    Int: 21    God:    Vehumet [*.....]
Gold:   53         SH:  0    Dex: 15    Spells: 6/12 levels left

rFire    . . .     SeeInvis .   (no weapon)
rCold    . . .     Gourm    .   (no shield)
rNeg     . . .     Faith    .   a - +0 robe
rPois    .         Spirit   .   (no helmet)
rElec    .         Reflect  .   (no cloak)
rCorr    .         Harm     .   (no gloves)
MR       .....                  (no boots)
Stlth    +++.......             (no amulet)
HPRegen  0.09/turn              (no ring)
MPRegen  0.13/turn              (no ring)

@: no status effects
A: no striking features
a: Renounce Religion


You were on level 3 of the Dungeon.
You worshipped Vehumet.
Vehumet was aware of your devotion.
You were not hungry.

You visited 1 branch of the dungeon, and saw 3 of its levels.

You collected 53 gold pieces.

Inventory:

Armour
 a - a +0 robe (worn)
Jewellery
 i - an uncursed ring of protection from fire {unknown}
Wands
 j - a wand of paralysis (6)
Scrolls
 e - 4 scrolls of identify {unknown}
 f - a scroll of amnesia {unknown}
 h - a scroll of teleportation {unknown}
 k - a scroll of random uselessness {unknown}
Potions
 b - 2 potions of flight {unknown}
 d - a potion of heal wounds {unknown}
 g - a potion of might {unknown}
Comestibles
 c - 5 rations


   Skills:
 + Level 3.6 Dodging
 - Level 3.7 Stealth
 + Level 4.2 Spellcasting
 + Level 2.6 Conjurations
 + Level 4.1 Fire Magic


You had 6 spell levels left.
You knew the following spells:

 Your Spells              Type           Power        Failure   Level  Hunger
a - Flame Tongue          Conj/Fire      ###..        3%          1    None
b - Throw Flame           Conj/Fire      ###...       4%          2    #......
c - Conjure Flame         Conj/Fire      ###.....     9%          3    ###....

Your spell library contained the following spells:

 Spells                   Type           Power        Failure   Level  Hunger
 Sandblast                Erth           #.....       12%         1    None
 Inner Flame              Hex/Fire       ##......     16%         3    ###....
 Sticky Flame             Conj/Fire      ###.....     30%         4    ####...
 Fireball                 Conj/Fire      ###.......   63%         5    ######.


Dungeon Overview and Level Annotations

Branches:
Dungeon (3/15)

Altars:
Hepliaklqana
Vehumet

Annotations:
D:3 Robin


Message History

The goblin goes into a battle-frenzy!
The goblin misses you.
You barely miss the goblin.
The goblin is heavily wounded.
Robin closely misses you. The goblin hits you with a +0 club.
You closely miss the goblin.
The goblin is heavily wounded.
Robin misses you. The goblin closely misses you.
You miss the goblin.
The goblin is heavily wounded.
Robin hits you with a +0 short sword. The goblin barely misses you.
You completely miss the goblin.
The goblin is heavily wounded.
Robin's horned helmet rattles.
Robin hits you but does no damage. The goblin hits you with a +0 club.
* * * LOW HITPOINT WARNING * * *
You closely miss the goblin.
The goblin is heavily wounded.
Robin hits you with a +0 short sword.
You die...

#.... ..... #...#
#...# #...# #... #...#
#..# ######...####..#
#
#...........#..#####.#
#.# #...............#
#.#
#..###.##.###.###..
#.# #..#
#.##.g@g†).... #.#
#..###.##.###.##...
#.## #...##.##.# #
.#.####..##.##.#
.##...#..##.##.#
.#.##.#..##.##.#
#.##.....##.##.#
#...........##.
.###.....####


You could see Robin and a goblin.

Vanquished Creatures
  A scorpion (D:3)
  A hound zombie (D:3)
  5 adders
  An ooze (D:3)
  A dart slug (D:1)
  2 orcs (D:3)
  A bat (D:3)
  3 giant cockroaches
  12 goblins
  4 hobgoblins
  6 kobolds
  A quokka (D:3)
  2 frilled lizards
  5 rats
45 creatures vanquished.

Notes
Turn   | Place    | Note
-------+----------+-------------------------------------------
     0 | D:1      | Gynju the Deep Elf Fire Elementalist began the quest for
                  | the Orb.
     0 | D:1      | Reached XP level 1. HP: 10/10 MP: 6/6
   150 | D:1      | Reached XP level 2. HP: 15/15 MP: 2/8
   266 | D:1      | You fall into a shaft and drop 1 floor!
   343 | D:2      | Found a radiant altar of Vehumet.
   352 | D:2      | Became a worshipper of Vehumet
  1000 | D:2      | Reached XP level 3. HP: 16/19 MP: 7/9
  1079 | D:2      | Found a hazy altar of Hepliaklqana.
  1111 | D:2      | Learned a level 2 spell: Throw Flame
  1115 | D:2      | Learned a level 3 spell: Conjure Flame
  1763 | D:3      | Reached XP level 4. HP: 24/24 MP: 6/11
  2123 | D:3      | Reached XP level 5. HP: 28/28 MP: 8/13
  2123 | D:3      | Noticed Robin
  2125 | D:3      | Reached * piety under Vehumet
  2125 | D:3      | Offered knowledge of Sandblast by Vehumet.
  2145 | D:3      | Slain by Robin

Levels and vault maps discovered:
D:1:      matt_arrival_spirals, layout_loops_ring
D:2:      layout_basic, old_standard_altar, overflow_temple_1_default,
          nrook_campfire, hangedman_decor_diamond_cutter
D:3:      layout_loops_ring, first_ration, minmay_unequal, uniq_robin

Skill      XL: |  1  2  3  4 |
---------------+-------------+-----
Stealth        | 3 |  3.7
Dodging        | 3 |  3.6
Conjurations   | 2 |  2.6
Spellcasting   | 4 |  4.2
Fire Magic     | 4 |  4.1

Action                   |  1- 3 |  4- 6 || total
-------------------------+-------+-------++-------
Melee: Unarmed           |    22 |    10 ||    32
 Cast: Flame Tongue      |    60 |    28 ||    88
       Throw Flame       |     1 |     1 ||     2
       Conjure Flame     |       |     1 ||     1
  Eat: Chunk             |     2 |     2 ||     4
Armor: Robe              |    12 |     4 ||    16
Dodge: Dodged            |    28 |    25 ||    53

Table legend:
 A = Non-vault XP
 B = Vault XP
 C = Vault XP percentage of total XP
 D = Non-vault monster count
 E = Vault monster count
 F = Vault count percentage of total count
                 A         B        C        D         E       F
            +---------+---------+-------+---------+---------+-------
      Total |     212 |      15 |   6.6 |      36 |       9 |  20.0
            +---------+---------+-------+---------+---------+-------
        D:1 |      19 |       0 |   0.0 |      10 |       0 |   0.0
        D:2 |      38 |       0 |   0.0 |       9 |       0 |   0.0
        D:3 |     155 |      15 |   8.8 |      17 |       9 |  34.6
            +---------+---------+-------+---------+---------+-------
